 Dungeon Crawl Stone Soup version 0.31-a0-981-geadf994542 (webtiles) character file.

Game seed: 9103728970018914680

16 ytrimaz the Ruffian (level 2, 0/18 HPs)
             Began as an Octopode Shapeshifter on Oct 31, 2023.
             Slain by an endoplasm (3 damage)
             ... on level 2 of the Dungeon.
             The game lasted 00:00:35 (751 turns).

ytrimaz the Ruffian (Octopode Shapeshifter)          Turns: 751, Time: 00:00:35

Health: 0/18       AC:  1    Str: 13    XL:     2   Next: 54%
Magic:  2/2        EV: 13    Int: 12    God:
Gold:   39         SH:  0    Dex: 11    Spells: 1/1 levels left

rFire   . .          .
                       - Unarmed
rCold   . . .        (no shield)
rNeg    . . .        (helmet currently unavailable)
rPois   .            (no amulet)
rElec   .            (no ring)
rCorr   .            (no ring)
SInv    .            (no ring)
Will    .....        (no ring)
Stlth   +++          (no ring)
HPRegen 0.23/turn    (no ring)
MPRegen 0.08/turn    (no ring)
                     (no ring)

%: no passive effects
@: beast-form
A: beast (slay +1), almost no armour, amphibious, 8 rings, camouflage 1,
gelatinous body 1, (nimble swimmer 1), tentacles
a: Begin Untransformation


You were on level 2 of the Dungeon.
You were a hulking beast.
You visited 1 branch of the dungeon, and saw 2 of its levels.

You collected 39 gold pieces.


Innate Abilities, Weirdness & Mutations

You are a hulking beast.
Your limbs bulge with bestial killing power. (Slay +1)
You cannot wear most types of armour.
You are amphibious.
You can wear up to eight rings at the same time.
Your skin changes colour to match your surroundings (Stealth+).
Your rubbery body absorbs attacks. (AC +1, EV +1)
((You are camouflaged when in or above water. (Stealth+)))
You have tentacles for arms and can constrict up to eight enemies at once.


   Skills:
 - Level 1.0 Fighting
 - Level 2.0 Dodging
 * Level 2.5 Stealth
 + Level 3.2 Unarmed Combat
 - Level 3.0 Shapeshifting


You had one spell level left.
You didn't know any spells.
Your spell library contained the following spells:

 Spells                   Type           Power      Damage    Failure   Level
 Tukima's Dance           Hex            0%         N/A       69%         3
 Dimensional Bullseye     Hex/Tloc       0%         N/A       97%         4
 Iskenderun's Mystic Bla  Conj/Tloc      0%         2d3       97%         4

Inventory:

Jewellery
 e - a +5 ring of evasion
   (You found it on level 1 of the Dungeon)
Talismans
 b - a beast talisman
 c - a flux talisman
Scrolls
 d - a scroll of enchant weapon {unknown}
 f - a scroll of identify {unknown}
 g - a scroll of acquirement {unknown}
 i - a scroll of revelation {unknown}
Potions
 a - a potion of lignification
 h - a potion of haste {unknown}

Dungeon Overview and Level Annotations

Branches:
Dungeon (2/15) Zot: 11249

Altars:

### .>. .....
#.# ### .....
##.# #<#
......+..# #.#
..#... #.###.###
.....##b.Jh...#
#...lg###.#.#
#.#)..#...#.#
#.#...g.#...#.#
.......#.###.#..
##.##?..)....###
. #.###...## ...
#.#.# ...#.
#...#


You could see an endoplasm, a hobgoblin, a bat and a frilled lizard.


Message History

Key pressed, stopping explore.
No target in view!
A bat comes into view.
A bat is nearby!
A bat is nearby!
The helpless bat fails to defend itself.
You tentacle-slap the bat.
You kill the bat!
Unknown command.
No target in view!
No target in view!
You open the door.
There is an open door here.
Key pressed, stopping explore.
Key pressed, stopping explore.
Key pressed, stopping explore.
Key pressed, stopping explore.
You pick up a book of Weapons and begin reading...
You add the spells Tukima's Dance, Dimensional Bullseye and Iskenderun's Mystic Blast to your library.
Key pressed, stopping explore.
Done exploring.
There is a stone staircase leading down here.
You climb downwards.
There is a stone staircase leading up here.
A goblin comes into view. It is wielding a +0 dagger.
A goblin is nearby!
The goblin shouts!
You hear a shout! x3
A goblin is nearby!
A goblin comes into view. It is wielding a +0 dagger.
A hobgoblin comes into view.
You barely miss the goblin.
The hobgoblin shouts!
You grab the goblin. You squeeze the goblin.
You constrict the goblin, but do no damage.
You hear a shout! x2
A hobgoblin comes into view.
The goblin hits you with a +0 dagger.
A kobold comes into view.
It is wielding a +0 short sword. 😕 HP[-2]
You take 2 damage, and now have 16/18 hp.
You tentacle-slap the goblin.
You kill the goblin!
A frilled lizard comes into view.
You see here a +0 dagger.
An endoplasm comes into view.
A bat comes into view.
The goblin hits you with a +0 dagger. 😕 HP[-2]
You take 2 damage, and now have 14/18 hp.
Unknown command.
The frilled lizard hisses angrily.
You tentacle-slap the goblin.
You kill the goblin! 😕 HP[+1]
A goblin comes into view. It is wielding a +0 dagger.
The goblin moves out of view.
Things that are here:
a +0 dagger; a goblin corpse Unknown command.
You tentacle-slap the hobgoblin. You grab the hobgoblin.
You squeeze the hobgoblin.
You kill the hobgoblin!
The hobgoblin hits you but does no damage.
The frilled lizard barely misses you.
You tentacle-slap the kobold.
You kill the kobold!
The bat closely misses you.
A rat comes into view.
The hobgoblin hits you. The frilled lizard misses you. 😮 HP[-3]
You take 3 damage, and now have 12/18 hp.
Unknown command.
You are too injured to fight recklessly!
Found a stone staircase leading down.
The frilled lizard attacks as it pursues you!
The frilled lizard bites you. 😮 HP[-1]
You take 1 damage, and now have 11/18 hp.
You are too injured to fight recklessly!
Unknown command.
The bat closely misses you. The hobgoblin hits you.
* * * LOW HITPOINT WARNING * * *
😨 HP[-4]
You take 4 damage, and now have 7/18 hp.
MASSIVE DAMAGE!! (PAUSE)
The bat closely misses you.
The endoplasm attacks as it pursues you!
The endoplasm hits you.
* * * LOW HITPOINT WARNING * * *
The bat completely misses you. 😱 HP[-3]
You take 3 damage, and now have 4/18 hp.
The endoplasm freezes you.
You are frozen.
* * * LOW HITPOINT WARNING * * *
😱 HP[-1]
You take 1 damage, and now have 3/18 hp.
Unknown command.
The endoplasm attacks as it pursues you!
The endoplasm hits you.
You die...

Skill      XL: |  1  2 |
---------------+-------+-----
Stealth        | 1 2 |  2.5
Fighting       | |  1.0
Dodging        | |  2.0
Unarmed Combat | |  3.2
Shapeshifting  | |  3.0

Action                     || total
---------------------------++-------
  Melee: Unarmed           ||    25
         Constrict         ||     6
         Punch             ||     1
         Tentacles         ||     4
   Stab: Sleeping          ||     3
 Armour: Skin              ||    17
  Dodge: Dodged            ||    15

Levels and vault maps discovered:
D:1:      dpeg_arrival_arbitrary_b, layout_basic
D:2:      layout_basic, serial_shops, shop, amcnicky_mini_rare_corridor_liquid,
          dreamdust_mushroom_princess, minmay_fractal_squares_5

Notes
Turn   | Place    | Note
-------+----------+-------------------------------------------
     0 | D:1      | ytrimaz the Octopode Shapeshifter began the quest for the
                  | Orb.
     0 | D:1      | Reached XP level 1. HP: 13/13 MP: 1/1
     0 | D:1      | magus.rc [v1.9.6]
    18 | D:1      | Reached skill level 1 in Stealth
   152 | D:1      | Reached XP level 2. HP: 14/18 MP: 2/2
   332 | D:1      | Reached skill level 2 in Stealth
   654 | D:1      | You pick up a book of Weapons and begin reading...
   654 | D:1      | You add the spells Tukima's Dance, Dimensional Bullseye and
                  | Iskenderun's Mystic Blast to your library.
   749 | D:2      | HP: 4/18 [endoplasm (3)]
   751 | D:2      | Slain by an endoplasm

Vanquished Creatures
  3 bats (D:1)
  An endoplasm (D:1)
  4 goblins
  A hobgoblin (D:2)
  4 kobolds
  A ball python (D:1)
  A frilled lizard (D:1)
  A rat (D:1)
16 creatures vanquished.

Table legend:
 A = Non-vault XP
 B = Vault XP
 C = Vault XP percentage of total XP
 D = Non-vault monster count
 E = Vault monster count
 F = Vault count percentage of total count
                 A         B        C        D         E       F
            +---------+---------+-------+---------+---------+-------
      Total |      21 |       2 |   8.7 |      15 |       1 |   6.2
            +---------+---------+-------+---------+---------+-------
        D:1 |      17 |       0 |   0.0 |      12 |       0 |   0.0
        D:2 |       4 |       2 |  33.3 |       3 |       1 |  25.0
            +---------+---------+-------+---------+---------+-------

Skill      XL: |  1  2 |
---------------+-------+-----
Stealth        | 1 2 |  2.5
Fighting       | |  1.0
Dodging        | |  2.0
Unarmed Combat | |  3.2
Shapeshifting  | |  3.0

Action                     || total
---------------------------++-------
  Melee: Unarmed           ||    25
         Constrict         ||     6
         Punch             ||     1
         Tentacles         ||     4
   Stab: Sleeping          ||     3
 Armour: Skin              ||    17
  Dodge: Dodged            ||    15

Illustrated notes

Table legend:
 A = Kills in this place as a percentage of kills in the entire game.
 B = Kills by you in this place as a percentage of kills by you in the entire game.
 C = Kills by friends in this place as a percentage of kills by friends in the entire game.
 D = Other kills in this place as a percentage of other kills in the entire game.
 E = Experience gained in this place as a percentage of experience gained in the entire game.
 F = Experience gained in this place divided by the number of levels of this place that you have seen.
                   A       B       C       D       E      F
               +-------+-------+-------+-------+-------+----------------------
         Total | 100.0 | 100.0 |   N/A |   N/A | 100.0 |  11.5
       Dungeon | 100.0 | 100.0 |   N/A |   N/A | 100.0 |  11.5
               +-------+-------+-------+-------+-------+----------------------

Table legend: (Time is in decaauts)
 A = Elapsed time spent in this place.
 B = Non-inter-level travel time spent in this place.
 C = Inter-level travel time spent in this place.
 D = Time resting spent in this place.
 E = Time spent auto-exploring this place.
 F = Levels seen in this place.
 G = Mean time per level.
                   A        B        C        D        E       F      G
               +--------+--------+--------+--------+--------+-----+--------+
         Total |    749 |    739 |     10 |      0 |    643 |   2 |  374.5 |
       Dungeon |    749 |    739 |     10 |      0 |    643 |   2 |  374.5 |
               +--------+--------+--------+--------+--------+-----+--------+

Top non-repeatable levels by time:
     D:1: 725 daAuts
     D:2: 23 daAuts
